Map: Tours du crépuscule

Players

Zerthek - Winner!

  • Race: Terran Terran
  • League: Gold

IA (élite)

  • Race: Protoss Protoss

VOD

Have the link to the VOD?

Description

Time

  • Played on: Jan. 20, 2016, 3:56 p.m.
  • Length: 8:38
Show
View Real Time Build Order
Export as new Build Order

Zerthek Terran - Winner!

Build Orders: 1/1/1, Widow Mine Drop 

Get SALT Encoding   

  12  0:01  SCV  
  13  0:13  SCV  
  14  0:18  Supply Depot  
  14  0:25  SCV  
  15  0:30  Refinery  
  15  0:41  Barracks  
  15  0:46  SCV  
  16  0:59  SCV  
  17  1:11  SCV  
  18  1:23  SCV  
  19  1:28  Supply Depot  
  19  1:31  Factory  
  19  1:35  SCV, Refinery  
  20  1:49  Barracks Reactor  
  20  1:55  Orbital Command  
  20  2:16  Starport  
  20  2:21  SCV  
  21  2:25  Widow Mine, Marine x2  
  25  2:33  SCV  
  26  2:43  Marine x2  
  28  2:45  SCV  
  29  2:53  Medivac  
  29  2:58  SCV  
  31  3:01  Supply Depot  
  31  3:05  Supply Depot  
  31  3:22  Widow Mine  
  31  3:23  Marine x2  
  31  3:25  Medivac  
  37  3:40  Marine x2  
  39  3:51  Widow Mine  
  41  3:58  Command Center, Marine x2  
  43  4:06  Starport Reactor  
  43  4:08  SCV  
  44  4:13  Supply Depot  
  44  4:16  Marine x2  
  46  4:34  Marine x2  
  46  4:38  Factory Tech Lab  
  48  4:49  Engineering Bay  
  48  4:51  Supply Depot  
  48  4:52  Marine x2  
  50  4:54  Medivac x2  
  54  5:09  Marine  
  54  5:10  Marine  
  55  5:14  Supply Depot  
  45  5:29  Supply Depot  
  45  5:31  Terran Infantry Weapons Level 1, Medivac  
  45  5:32  Siege Tank, Medivac  
  45  5:33  Marine x2  
  50  5:51  Marine x2  
  50  5:52  Supply Depot  
  52  6:01  Barracks  
  52  6:07  Barracks  
  52  6:08  Marine  
  52  6:09  Marine  
  54  6:21  Siege Tank  
  54  6:24  Medivac  
  59  6:26  Marine x2  
  61  6:44  Marine x2  
  61  7:02  Marine x2  
  61  7:05  Marine  
  61  7:06  Marine  
  65  7:20  Marine x2  
  64  7:23  Marine x2  
  66  7:32  Siege Tank  
  69  7:38  Marine x2  
  69  7:41  Marine x2  
  73  7:55  Marine  
  73  7:56  Marine  
  75  8:04  Siege Tank  
Show
View Real Time Build Order
Export as new Build Order

IA (élite) Protoss 

Build Orders: 1 Gate Expand 

Get SALT Encoding   

  12  0:01  Probe (Chrono Boost)  
  13  0:11  Probe (Chrono Boost)  
  14  0:20  Pylon  
  14  0:22  Probe (Chrono Boost)  
  15  0:38  Probe (Chrono Boost)  
  16  0:47  Assimilator  
  16  0:49  Probe (Chrono Boost)  
  17  0:50  Gateway  
  17  1:00  Probe (Chrono Boost), Pylon  
  18  1:10  Probe (Chrono Boost)  
  19  1:21  Probe (Chrono Boost)  
  20  1:31  Probe (Chrono Boost)  
  21  1:37  Zealot  
  23  1:40  Cybernetics Core  
  23  1:43  Probe (Chrono Boost)  
  25  1:54  Probe (Chrono Boost)  
  25  2:00  Nexus  
  25  2:05  Probe (Chrono Boost)  
  26  2:11  Warp Gate  
  27  2:16  Stalker  
  27  2:17  Probe (Chrono Boost)  
  29  2:28  Probe (Chrono Boost), Pylon  
  30  2:39  Probe (Chrono Boost)  
  30  2:41  Gateway  
  31  2:45  Assimilator  
  31  2:50  Adept  
  32  2:51  Probe (Chrono Boost)  
  34  3:00  Pylon  
  34  3:03  Probe (Chrono Boost)  
  35  3:12  Probe (Chrono Boost)  
  36  3:15  Probe (Chrono Boost), Adept  
  39  3:24  Probe (Chrono Boost)  
  40  3:29  Robotics Facility  
  40  3:31  Adept  
  42  3:35  Probe (Chrono Boost)  
  42  3:38  Probe (Chrono Boost)  
  42  3:41  Adept  
  44  3:46  Probe (Chrono Boost)  
  47  3:50  Probe (Chrono Boost)  
  48  3:57  Adept  
  48  3:58  Probe (Chrono Boost)  
  48  4:01  Probe (Chrono Boost)  
  52  4:09  Probe (Chrono Boost)  
  53  4:12  Probe (Chrono Boost)  
  53  4:15  Adept  
  56  4:20  Probe (Chrono Boost), Observer, Robotics Bay  
  56  4:23  Probe (Chrono Boost), Pylon  
  60  4:31  Probe (Chrono Boost)  
  60  4:32  Robotics Facility  
  60  4:37  Pylon  
  60  4:39  Stalker  
  62  4:48  Probe (Chrono Boost)  
  62  4:50  Stalker, Probe (Chrono Boost)  
  62  4:51  Pylon  
  66  5:06  Probe (Chrono Boost), Forge  
  64  5:10  Probe (Chrono Boost)  
  51  5:20  Probe (Chrono Boost)  
  36  5:25  Probe (Chrono Boost)  
  37  5:30  Probe (Chrono Boost)  
  38  5:36  Probe (Chrono Boost)  
  38  5:41  Photon Cannon  
  38  5:42  Probe (Chrono Boost)  
  40  5:45  Photon Cannon  
  40  5:48  Probe (Chrono Boost)  
  41  5:53  Probe (Chrono Boost)  
  42  6:00  Stalker, Probe (Chrono Boost), Sentry  
  47  6:14  Probe (Chrono Boost)  
  47  6:17  Probe (Chrono Boost)  
  49  6:20  Zealot  
  49  6:25  Probe (Chrono Boost)  
  52  6:28  Probe (Chrono Boost)  
  52  6:35  Probe (Chrono Boost)  
  52  6:39  Probe (Chrono Boost)  
  44  6:46  Probe (Chrono Boost)  
  38  6:49  Probe (Chrono Boost)  
  37  6:56  Probe (Chrono Boost)  
  37  7:00  Probe (Chrono Boost)  
  28  7:18  Probe (Chrono Boost)  
  29  7:33  Probe (Chrono Boost)  
Tags
 
Add a new tag
Caveats
  • Supply blocks, unpowered buildings, or Contaminate may cause inaccurate times.
  • Supply counts are checked every 10 seconds.